 Dungeon Crawl Stone Soup version 0.30-a0-595-g91969c0fa5 (webtiles) character file.

Game seed: 7393446647366158943

23 Leeroy the Insei (level 2, 0/21 HPs)
             Began as a Merfolk Transmuter on Jan 6, 2023.
             Succumbed to an adder's poison
             ... on level 2 of the Dungeon.
             The game lasted 00:01:34 (1070 turns).

Leeroy the Insei (Merfolk Transmuter)               Turns: 1070, Time: 00:01:35

Health: 0/21       AC:  2    Str: 10    XL:     2   Next: 95%
Magic:  5/5        EV: 12    Int: 12    God:
Gold:   70         SH:  0    Dex: 14    Spells: 4/5 levels left

rFire   . . .      SeeInvis .      - Unarmed
rCold   . . .      Faith    .    (no shield)
rNeg    . . .      Spirit   .    a - +0 robe
rPois   .          Reflect  .    (no helmet)
rElec   .          Harm     .    (no cloak)
rCorr   .          Rampage  .    (no gloves)
Will    .....                    (no boots)
Stlth   +                        (no amulet)
HPRegen 0.23/turn                (no ring)
MPRegen 0.09/turn                (no ring)

@: lethally poisoned (0 -> -9), attractive, hasted, very quick
A: (nimble swimmer 2), mertail
a: no special abilities


You were on level 2 of the Dungeon.
You visited 1 branch of the dungeon, and saw 2 of its levels.

You collected 70 gold pieces.

Inventory:

Missiles
 k - 2 poisoned darts
Armour
 a - a +0 robe (worn)
Magical Staves
 j - a staff of death
Scrolls
 c - a scroll of enchant armour {unknown}
 e - 7 scrolls of identify {unknown}
 f - 3 scrolls of noise {unknown}
 l - a scroll of teleportation {unknown}
Potions
 b - a potion of lignification
 d - a potion of attraction
 g - a potion of heal wounds {unknown}
 h - a potion of might {unknown}


   Skills:
 - Level 1.1 Fighting
 - Level 2.6 Dodging
 + Level 4.4 Unarmed Combat
 - Level 2.0 Spellcasting
 - Level 2.6 Transmutations


You had 4 spell levels left.
You knew the following spells:

 Your Spells              Type           Power      Damage    Failure   Level
a - Beastly Appendage     Tmut           14%        N/A       9%          1

Your spell library contained the following spells:

 Spells                   Type           Power      Damage    Failure   Level
 Wereblood                Tmut           7%         N/A       14%         2
 Spider Form              Tmut/Pois      4%         N/A       43%         3
 Ice Form                 Ice/Tmut       4%         N/A       83%         4


Dungeon Overview and Level Annotations

Branches:
Dungeon (2/15)

Altars:


Innate Abilities, Weirdness & Mutations

((You are very nimble when in or above water. (Stealth+, EV+, Speed+++)))
Your lower body shifts to a powerful aquatic tail in water.


Message History

l - a scroll labelled NOCZY HIOSKYST No target in view!
An adder and a frilled lizard come into view.
Found a leather armour.
Found a stone staircase leading down.
The frilled lizard hisses angrily.
There are monsters nearby!
You closely miss the adder. Your punch misses the adder. The adder bites you.
The adder barely misses you.
You miss the adder. The adder bites you.
You are poisoned.
The adder poisons you!
You miss the adder.
You feel sick. The adder closely misses you. The frilled lizard bites you.
You hit the adder.
The adder is moderately wounded.
You feel sick. The adder bites you. The frilled lizard closely misses you.
You feel sick. The adder misses you.
You feel sick.
You are too injured to fight recklessly!
You miss the adder.
The adder is moderately wounded.
The adder bites you.
You are more poisoned.
The adder poisons you! The adder attacks as you move away! The adder bites you.
* * * LOW HITPOINT WARNING * * *
You feel sick.
You are too injured to fight recklessly!
Really quaff the potion of lignification?
Okay, then.
It was a potion of attraction.
You feel attractive to monsters.
You feel sick. The adder bites you.
* * * LOW HITPOINT WARNING * * *
The adder bites you.
* * * LOW HITPOINT WARNING * * *
You are more poisoned.
The adder poisons you!
It was a potion of haste.
You feel yourself speed up.
You die...

#.####.#...#.#.#..#.### .
#........#.....#..#.#
......#...###.#......#.###
.... #...###.#####.##....
.[.. #...#..........#.###
..... #...#########...## #
......#..l#.......'...# #
#.....#S###.#####...# #
#.##..#@# #...# #
#.........# #...# #
......#.##### #...####
...##.#.# ###...... #...
#.#.# ######...##### ....
#$#.# #........# # ..>.
#.#.# #........# # #.#
#.[....### # ######## #


You could see an adder and a frilled lizard.

Vanquished Creatures
  4 endoplasms (D:1)
  A giant cockroach (D:1)
  A goblin (D:1)
  A hobgoblin (D:1)
  3 jackals (D:1)
  4 kobolds (D:1)
  A quokka (D:1)
  2 frilled lizards (D:2)
  3 rats (D:1)
20 creatures vanquished.

Notes
Turn   | Place    | Note
-------+----------+-------------------------------------------
     0 | D:1      | Leeroy the Merfolk Transmuter began the quest for the Orb.
     0 | D:1      | Reached XP level 1. HP: 15/15 MP: 3/3
   267 | D:1      | Reached XP level 2. HP: 21/21 MP: 5/5
   270 | D:1      | Reached skill level 4 in Unarmed Combat
  1070 | D:2      | Succumbed to an adder's poison

Illustrated notes

Levels and vault maps discovered:
D:1:      lemuel_arrival_rhombus, layout_basic
D:2:      layout_basic, shapermc_ecumenical_altar_mp_vishouse

Skill      XL: |  1  2 |
---------------+-------+-----
Unarmed Combat | 4 |  4.4
Fighting       | |  1.1
Dodging        | |  2.6
Spellcasting   | |  2.0
Transmutations | |  2.6

Action                   || total
-------------------------++-------
Melee: Unarmed           ||    73
       Headbutt          ||     4
 Cast: Beastly Appendage ||     3
  Use: Potion            ||     2
 Stab: Sleeping          ||     3
Armor: Robe              ||     8
Dodge: Dodged            ||    35

Table legend: (Time is in decaauts)
 A = Elapsed time spent in this place.
 B = Non-inter-level travel time spent in this place.
 C = Inter-level travel time spent in this place.
 D = Time resting spent in this place.
 E = Time spent auto-exploring this place.
 F = Levels seen in this place.
 G = Mean time per level.
                   A        B        C        D        E       F      G
               +--------+--------+--------+--------+--------+-----+--------+
         Total |   1063 |   1031 |     32 |      0 |    875 |   2 |  531.5 |
       Dungeon |   1063 |   1031 |     32 |      0 |    875 |   2 |  531.5 |
               +--------+--------+--------+--------+--------+-----+--------+

Top non-repeatable levels by time:
     D:1: 851 daAuts
     D:2: 212 daAuts
